[Event "Titled Tuesday Blitz April 4 Early 2023"]
[White "Yeletsky, Ivan"]
[Black "Volkov, Maksim"]
[WhiteFideId "24180327"]
[BlackFideId "54123070"]
[WhiteElo "2422"]
[BlackElo "2312"]
[Result "1-0"]
[Round "03"]
[TimeControl "180+2"]
[Date "2023.04.04"]
[WhiteClock "0:02:15"]
[BlackClock "0:01:04"]

1. e4 c5 2. Nc3 d6 3. Bb5+ Bd7 4. Bxd7+ Qxd7 5. d3 Nc6 6. Be3 g6 7. Qd2 Bg7 8. Nge2 Nf6 9. f3 e5 10. g4 Nd4 11. Rf1 h5 12. g5 Ng8 13. O-O-O Ne7 14. f4 Nec6 15. Nd5 exf4 16. Bxd4 Nxd4 17. Nxd4 Bxd4 18. Qxf4 Be5 19. Qxe5+ dxe5 20. Nf6+ Ke7 21. Nxd7 Kxd7 22. Rxf7+ Ke6 23. Rdf1 1-0


[Site "https://www.chess.com"]

[Event "Titled Tuesday Blitz April 4 Early 2023"]
[White "Antal, Gergely"]
[Black "Molina, Roberto Junio Brito"]
[WhiteFideId "717312"]
[BlackFideId "2109450"]
[WhiteElo "2471"]
[BlackElo "2376"]
[Result "0-1"]
[Round "03"]
[TimeControl "180+2"]
[Date "2023.04.04"]
[WhiteClock "0:00:05"]
[BlackClock "0:00:10"]

1. e4 c6 2. Nc3 d5 3. d3 g6 4. e5 c5 5. f4 Nc6 6. Nf3 Bg4 7. Be2 e6 8. O-O Nge7 9. d4 Bxf3 10. Bxf3 Nxd4 11. Ne2 Nxf3+ 12. Rxf3 Nc6 13. c3 h5 14. Kh1 Be7 15. Rh3 Qd7 16. Be3 O-O-O 17. Rc1 Kb8 18. Bg1 Rc8 19. a3 c4 20. b4 cxb3 21. Qxb3 Na5 22. Qa2 Qa4 23. Rb1 Nc4 24. Rb3 Rhd8 25. Rd3 Rc6 26. Nd4 Ra6 27. Nb5 Ra5 28. Qb1 Rd7 29. Rd4 Bc5 30. Nd6 Bxd6 31. exd6 Qc6 32. h3 b6 33. Bh2 Kb7 34. Rd1 Rxa3 35. Rxa3 Nxa3 36. Qc1 Nc4 37. f5 exf5 38. Qg5 Nxd6 39. Qf4 a5 40. Rb1 Ka6 41. Bg1 Nc4 42. Qb8 Qb7 43. Qf8 Qc7 44. Qa8+ Qa7 45. Qf8 Qb7 46. Bd4 Ka7 47. Rb5 Qc6 48. Rb1 Kb7 49. Qh8 Rc7 50. Qg7 a4 51. Qf8 a3 52. Qb4 Rd7 53. Ra1 Qd6 54. Qb3 Re7 55. Rb1 Re2 56. Ra1 Qg3 57. Rg1 a2 58. Qa4 Qc7 59. Ra1 Qc6 60. Qd1 Rb2 61. Qc1 Qb5 62. Qf1 Rb1 63. Rxb1 Qxb1 0-1


[Site "https://www.chess.com"]

[Event "Titled Tuesday Blitz April 4 Early 2023"]
[White "Pap, Gyula"]
[Black "Seemann, Jakub"]
[WhiteFideId "725323"]
[BlackFideId "21874697"]
[WhiteElo "2519"]
[BlackElo "2364"]
[Result "0-1"]
[Round "03"]
[TimeControl "180+2"]
[Date "2023.04.04"]
[WhiteClock "0:00:03"]
[BlackClock "0:00:05"]

1. e4 c6 2. d4 d5 3. Nc3 dxe4 4. Nxe4 Nf6 5. Nxf6+ exf6 6. c3 Bd6 7. Bd3 O-O 8. Be3 Re8 9. Qc2 h5 10. Ne2 Nd7 11. Kf1 Nf8 12. h4 Bg4 13. Nf4 Ne6 14. Qd2 Qc7 15. Nxe6 Rxe6 16. f3 Rxe3 17. Qxe3 Be6 18. Qe4 f5 19. Qe2 g6 20. Bc4 Bd7 21. Qe3 Kg7 22. Re1 Re8 23. Qd2 Rd8 24. Qg5 c5 25. Re7 Rf8 26. Qe3 Bxe7 27. Qxe7 cxd4 28. Be2 dxc3 29. bxc3 Re8 30. Qb4 Qe5 31. Qd4 Qxd4 32. cxd4 Re3 33. Kf2 Ra3 34. Rb1 Rxa2 35. Rxb7 Be6 36. Ke1 f4 37. Bb5 a5 38. Bc6 Ra1+ 39. Kd2 Ra2+ 40. Kc3 Rxg2 41. d5 Bh3 42. d6 g5 43. Bd5 gxh4 44. Rxf7+ Kh6 45. Rxf4 Kg5 46. Rf8 Bd7 47. Rg8+ Kf4 48. Rxg2 h3 49. Rg7 h2 50. Rxd7 h1=Q 51. Re7 Qc1+ 52. Kd4 Qd2+ 53. Kc5 Qc3+ 54. Bc4 Qb4+ 55. Kd5 a4 56. Rf7+ Kg5 57. d7 Qb7+ 58. Kd6 Qb6+ 59. Kd5 Qb7+ 60. Ke5 Qc7+ 61. Kd4 Qd6+ 62. Bd5 a3 63. Rg7+ Kh4 64. Rg8 Qxd7 65. Ra8 Qd6 66. Ke4 Kg3 67. Rg8+ Kf2 68. Ra8 h4 69. f4 h3 70. Rh8 a2 71. Bxa2 Qb4+ 72. Kf5 Qa5+ 73. Kg4 Qxa2 74. Rxh3 Qe6+ 75. f5 Qg8+ 76. Kf4 Qb8+ 77. Kg4 Kg2 78. Rh6 Qb4+ 79. Kg5 Kg3 80. f6 Qg4# 0-1


[Site "https://www.chess.com"]

[Event "Titled Tuesday Blitz April 4 Early 2023"]
[White "Costachi, Mihnea"]
[Black "Aslanov, Umid"]
[WhiteFideId "1217518"]
[BlackFideId "13412620"]
[WhiteElo "2456"]
[BlackElo "2013"]
[Result "1-0"]
[Round "03"]
[TimeControl "180+2"]
[Date "2023.04.04"]
[WhiteClock "0:01:52"]
[BlackClock "0:01:53"]

1. Nc3 d5 2. d4 Nf6 3. Bf4 a6 4. e3 Bf5 5. Nf3 e6 6. Ne5 Nbd7 7. g4 Bg6 8. h4 h5 9. Nxg6 fxg6 10. Bd3 Kf7 11. g5 Ne4 12. Nxe4 dxe4 13. Bxe4 Bd6 14. Qf3 Bxf4 15. Qxf4+ Ke7 16. Bxg6 Rf8 17. Qe4 Nb6 18. Bxh5 Qd6 19. c3 Nd5 20. f4 Nxf4 21. exf4 Rxf4 22. Qxb7 Raf8 23. O-O-O 1-0


[Site "https://www.chess.com"]

[Event "Titled Tuesday Blitz April 4 Early 2023"]
[White "Belov, Alexei"]
[Black "Mammadov, Zaur"]
[WhiteFideId "4128206"]
[BlackFideId "13401033"]
[WhiteElo "2611"]
[BlackElo "2441"]
[Result "1-0"]
[Round "03"]
[TimeControl "180+2"]
[Date "2023.04.04"]
[WhiteClock "0:00:19"]
[BlackClock "0:00:47"]

1. e4 e6 2. d4 d5 3. Nd2 Be7 4. c3 c5 5. Ngf3 Nf6 6. Bd3 Nc6 7. dxc5 O-O 8. O-O Bxc5 9. b4 Be7 10. b5 dxe4 11. Nxe4 Na5 12. Qe2 Qc7 13. c4 Nxe4 14. Qxe4 f5 15. Qe2 Bf6 16. Bb2 b6 17. Be5 Qc5 18. Rac1 Bb7 19. Bxf6 Rxf6 20. Ne5 Rd8 21. Rfd1 Be4 22. Bxe4 Rxd1+ 23. Rxd1 Qxe5 24. Rd8+ Rf8 25. Rxf8+ Kxf8 26. Bd3 Qxe2 27. Bxe2 Ke7 28. g4 Kd6 29. Kg2 Kc5 30. gxf5 exf5 31. Kf3 Nxc4 32. Kf4 g6 33. Kg5 Na3 34. Kh6 Nxb5 35. Bxb5 Kxb5 36. Kxh7 g5 37. Kg6 g4 38. Kxf5 Kc5 39. Kxg4 b5 40. h4 a5 41. h5 b4 42. h6 a4 43. h7 b3 44. h8=Q bxa2 45. Qa1 Kb4 46. f4 a3 47. f5 Kb3 48. f6 Ka4 49. f7 Kb3 50. f8=Q Ka4 51. Qf2 Ka5 52. Qfxa2 Kb6 53. Qxa3 Kb7 54. Q3c3 Kb6 55. Qab2+ Ka7 56. Qca3# 1-0


[Site "https://www.chess.com"]

[Event "Titled Tuesday Blitz April 4 Early 2023"]
[White "Mendez Fortes, Eduardo Jesus"]
[Black "Kadric, Denis"]
[WhiteFideId "3502376"]
[BlackFideId "14403803"]
[WhiteElo "2307"]
[BlackElo "2612"]
[Result "0-1"]
[Round "03"]
[TimeControl "180+2"]
[Date "2023.04.04"]
[WhiteClock "0:00:18"]
[BlackClock "0:00:45"]

1. e4 d6 2. d4 Nf6 3. Nc3 e5 4. Nf3 Nbd7 5. Bc4 Be7 6. O-O O-O 7. Re1 c6 8. a4 h6 9. h3 Re8 10. a5 Qc7 11. Be3 exd4 12. Nxd4 Bf8 13. f3 Rb8 14. Bf1 b5 15. axb6 axb6 16. Qd2 b5 17. Nf5 Ne5 18. Ra7 Qd8 19. Nd4 b4 20. Nd1 c5 21. Nb3 Bxh3 22. f4 Nc6 23. Ra6 Nxe4 24. Qd5 Bd7 25. Rxc6 Qh4 26. Re2 Bxc6 27. Qxc6 Ng3 28. Qf3 Qh1+ 29. Kf2 Qxf1+ 30. Kxg3 Qxd1 31. f5 d5 32. Qf2 Bd6+ 33. Kf3 d4 34. Bd2 Rxe2 35. Qxe2 Qxe2+ 36. Kxe2 Re8+ 37. Kd3 h5 38. Na5 Bf8 39. Nc4 Kh7 40. Bf4 g6 41. f6 Re6 42. Be5 g5 43. Ke4 Kg6 44. Kd5 h4 45. Nd2 Kf5 46. Nf3 Rxf6 47. Bxf6 Kxf6 48. Ke4 Bd6 49. Nd2 Ke6 50. Nf3 f5+ 51. Kd3 Be7 52. Ke2 g4 53. Nd2 Kd5 54. b3 Bg5 55. Nf1 Bf4 56. Kf2 Ke4 57. Ke2 h3 58. g3 Be5 59. Kf2 f4 60. Nd2+ Kd5 61. gxf4 Bxf4 62. Nc4 g3+ 63. Kf3 g2 64. Kf2 Be3+ 0-1


[Site "https://www.chess.com"]

[Event "Titled Tuesday Blitz April 4 Early 2023"]
[White "Lymar, Vladislav"]
[Black "Pakleza, Zbigniew"]
[WhiteFideId "14162180"]
[BlackFideId "1119290"]
[WhiteElo "2234"]
[BlackElo "2410"]
[Result "0-1"]
[Round "03"]
[TimeControl "180+2"]
[Date "2023.04.04"]
[WhiteClock "0:00:04"]
[BlackClock "0:00:05"]

1. e4 d6 2. d4 Nf6 3. Nc3 c6 4. a4 Nbd7 5. g3 e5 6. Bg2 Be7 7. Nge2 b6 8. h3 a6 9. d5 Bb7 10. dxc6 Bxc6 11. O-O Nc5 12. f3 d5 13. b4 Ne6 14. exd5 Nxd5 15. Nxd5 Bxd5 16. Qe1 O-O 17. Bb2 Qc7 18. Qc3 Rac8 19. Qxc7 Rxc7 20. Bxe5 Rxc2 21. Nd4 Nxd4 22. Bxd4 b5 23. axb5 axb5 24. Rfb1 h5 25. Ra7 Re8 26. Re1 Be6 27. Rb7 Bxb4 28. Rb1 Bd6 29. R7xb5 Bxg3 30. Rxh5 Rd8 31. Be5 Rdd2 32. Bf1 Bf2+ 33. Kh1 f6 34. Bf4 Rd4 35. Bh2 Bd5 36. Bg2 Kf7 37. Bg1 Kg6 38. Rh8 Rdd2 39. Bxf2 Rxf2 40. Rg1 Kf5 41. Rh5+ g5 42. Kh2 Bxf3 43. Rh8 Rxg2+ 44. Rxg2 Rxg2+ 45. Kh1 Rd2+ 46. Kg1 Kf4 47. Rd8 Rxd8 0-1


[Site "https://www.chess.com"]

[Event "Titled Tuesday Blitz April 4 Early 2023"]
[White "Aitbayev, Aslan"]
[Black "Ordekalog"]
[WhiteFideId "13704613"]
[WhiteElo "2325"]
[BlackElo "2566"]
[Result "1-0"]
[Round "03"]
[TimeControl "180+2"]
[Date "2023.04.04"]
[WhiteClock "0:00:03"]
[BlackClock "0:00:01"]

1. Nf3 d5 2. c4 e6 3. b3 c5 4. e3 Nf6 5. Bb2 Nc6 6. cxd5 exd5 7. Bb5 Bd6 8. O-O O-O 9. d4 Bg4 10. dxc5 Bxc5 11. Nbd2 a6 12. Bxc6 bxc6 13. Rc1 Nd7 14. Qc2 Rc8 15. Qc3 f6 16. Nd4 Qe7 17. h3 Bh5 18. Qd3 Ne5 19. Qc2 Bb4 20. a3 Bg6 21. Qd1 Bd6 22. N2f3 Nd3 23. Rxc6 Nxb2 24. Qd2 Nd3 25. Nh4 Rxc6 26. Nxg6 hxg6 27. Nxc6 Qe4 28. f3 Qe8 29. Na5 Qb5 30. a4 Qb4 31. Qxd3 Qxa5 32. Rd1 Rd8 33. Qxg6 Qb6 34. Qd3 Bc5 35. Kh1 Bxe3 36. a5 Qe6 37. b4 Ba7 38. b5 axb5 39. Qxb5 Bb8 40. a6 Qe5 41. Kg1 Qh2+ 42. Kf1 Qe5 43. Qe2 Qd6 44. Qd3 Qe6 45. Re1 Qf7 46. Rb1 Qc7 47. Rb7 Qc1+ 48. Kf2 Qc8 49. Qg6 1-0


[Site "https://www.chess.com"]

[Event "Titled Tuesday Blitz April 4 Early 2023"]
[White "Mahdavi, Reza"]
[Black "Orlov, Georgi"]
[WhiteFideId "12595926"]
[BlackFideId "2011271"]
[WhiteElo "2357"]
[BlackElo "2560"]
[Result "1-0"]
[Round "03"]
[TimeControl "180+2"]
[Date "2023.04.04"]
[WhiteClock "0:01:00"]
[BlackClock "0:00:03"]

1. Nf3 Nf6 2. g3 g6 3. b3 Bg7 4. Bb2 O-O 5. Bg2 d6 6. d4 e5 7. dxe5 Ng4 8. h3 Nxe5 9. Nxe5 Bxe5 10. Nc3 Nc6 11. Qd2 Be6 12. e4 Bg7 13. O-O f5 14. exf5 Rxf5 15. Rae1 Qd7 16. g4 Rc5 17. Na4 Bxb2 18. Nxb2 Rf8 19. Nd3 Rd5 20. Qe3 Bf7 21. Bxd5 Bxd5 22. f4 Qg7 23. c4 Bf7 24. f5 Qc3 25. fxg6 Bxg6 26. Rxf8+ Kxf8 27. Rf1+ Kg8 28. Qe6+ Kg7 29. Nf4 Nd4 30. Nh5+ Bxh5 31. Qf6+ 1-0


[Site "https://www.chess.com"]

[Event "Titled Tuesday Blitz April 4 Early 2023"]
[White "Milikow, Yoav"]
[Black "Buksa, Nataliya"]
[WhiteFideId "2822237"]
[BlackFideId "14123622"]
[WhiteElo "2410"]
[BlackElo "2316"]
[Result "1-0"]
[Round "03"]
[TimeControl "180+2"]
[Date "2023.04.04"]
[WhiteClock "0:00:14"]
[BlackClock "0:00:05"]

1. d4 d5 2. c4 e6 3. Nc3 a6 4. cxd5 exd5 5. Qb3 c6 6. e4 dxe4 7. Bc4 Bd6 8. Bxf7+ Kf8 9. Nge2 Nf6 10. Be6 b5 11. Bg5 Be7 12. Nf4 Nbd7 13. Bd5 Nb6 14. Bxc6 Ra7 15. O-O Nc4 16. Rad1 h6 17. Ng6+ Kg8 18. Bxf6 Bxf6 19. Bd5+ Kh7 20. Bxe4 Re8 21. Ne5+ Kg8 22. Nc6 Qd7 23. Nxa7 Qxa7 24. Bd5+ Kh8 25. Bxc4 bxc4 26. Qxc4 Bf5 27. Qc5 Qxc5 28. dxc5 Rc8 29. Rd5 Be6 30. Rd6 Bc4 31. Rc1 Bg5 32. Rc2 Re8 33. g3 Re1+ 34. Kg2 Be7 35. Rd4 Bf1+ 36. Kf3 Bxc5 37. Re4 Ra1 38. Nd5 Bd6 39. Rc6 Bf8 40. Re8 Kg8 41. Rcc8 Rxa2 42. Rxf8+ Kh7 43. Rc7 Rxb2 44. Rff7 Kg6 45. Rxg7+ Kf5 46. Ne3+ Ke6 47. Rge7+ Kd6 48. Nxf1 a5 49. Ne3 Rb3 50. Kf4 a4 51. Nf5+ Kd5 52. Red7+ Ke6 53. Rd6# 1-0


[Site "https://www.chess.com"]

[Event "Titled Tuesday Blitz April 4 Early 2023"]
[White "Narayanan, Srinath"]
[Black "Roebers, Eline"]
[WhiteFideId "5018420"]
[BlackFideId "1058401"]
[WhiteElo "2438"]
[BlackElo "2520"]
[Result "1-0"]
[Round "03"]
[TimeControl "180+2"]
[Date "2023.04.04"]
[WhiteClock "0:00:45"]
[BlackClock "0:00:05"]

1. Nf3 f5 2. d4 Nf6 3. c4 g6 4. g3 Bg7 5. Bg2 O-O 6. O-O d6 7. Nc3 Qe8 8. e4 fxe4 9. Ng5 Bg4 10. Qb3 Nc6 11. Be3 h6 12. Ngxe4 Nxe4 13. Nxe4 Nxd4 14. Qxb7 c5 15. Bxd4 Bxd4 16. Rae1 Rb8 17. Qxa7 Rxb2 18. Nxd6 Rfxf2 19. Rxf2 Bxf2+ 20. Kh1 Qf8 21. Bd5+ Kh8 22. Nf7+ Kg7 23. Rxe7 Rb1+ 24. Kg2 Re1 25. Ne5+ Kh8 26. Nxg6# 1-0


[Site "https://www.chess.com"]

[Event "Titled Tuesday Blitz April 4 Early 2023"]
[White "Zhao, Jun"]
[Black "Deng, Henry"]
[WhiteFideId "8602522"]
[BlackFideId "30965454"]
[WhiteElo "2547"]
[BlackElo "2474"]
[Result "1-0"]
[Round "03"]
[TimeControl "180+2"]
[Date "2023.04.04"]
[WhiteClock "0:00:27"]
[BlackClock "0:00:16"]

1. Nf3 d5 2. d4 Nf6 3. c4 c6 4. Nc3 e6 5. e3 Nbd7 6. Qc2 Bd6 7. b3 O-O 8. Be2 b6 9. Bb2 Bb7 10. O-O Qe7 11. Rfe1 Rfe8 12. Rad1 Rad8 13. Bf1 h6 14. e4 dxe4 15. Nxe4 Nxe4 16. Qxe4 Nf6 17. Qc2 Qc7 18. c5 Be7 19. Ne5 Nd5 20. Qe4 Bf6 21. Bd3 g6 22. Qg4 h5 23. Qg3 Bg7 24. h3 Qe7 25. Rc1 Bh6 26. cxb6 axb6 27. Nxc6 Bxc6 28. Rxc6 Rc8 29. Rxc8 Rxc8 30. Bc4 Qd7 31. a4 Bg7 32. Qf3 Nb4 33. Qc3 Nd5 34. Qd2 Kh7 35. Rd1 Qd6 36. h4 Bh6 37. Qe2 Bg7 38. g3 Nb4 39. Qf3 Rd8 40. Qxf7 Nc2 41. Bd3 e5 42. Bxc2 exd4 43. Bxd4 1-0


[Site "https://www.chess.com"]

[Event "Titled Tuesday Blitz April 4 Early 2023"]
[White "Oleksiyenko, Mykhaylo"]
[Black "Xu, Daniel"]
[WhiteFideId "4152417"]
[BlackFideId "2627345"]
[WhiteElo "2551"]
[BlackElo "1980"]
[Result "1-0"]
[Round "03"]
[TimeControl "180+2"]
[Date "2023.04.04"]
[WhiteClock "0:01:30"]
[BlackClock "0:00:31"]

1. e4 c5 2. Nf3 d6 3. d4 cxd4 4. Nxd4 Nf6 5. Nc3 a6 6. a4 e5 7. Nf3 Be7 8. Bg5 Be6 9. Bxf6 Bxf6 10. Nd5 Nd7 11. Bc4 Rc8 12. Ba2 O-O 13. O-O Nc5 14. Qe2 Nxa4 15. Nxf6+ Qxf6 16. Bxe6 Nc3 17. bxc3 fxe6 18. Rfb1 Rf7 19. Qd3 Qg6 20. Nd2 Qg5 21. Rb6 Rfc7 22. c4 1-0


[Site "https://www.chess.com"]

[Event "Titled Tuesday Blitz April 4 Early 2023"]
[White "Gokerkan, Cem Kaan"]
[Black "Vafin, Ayrat"]
[WhiteFideId "6336760"]
[BlackFideId "4146530"]
[WhiteElo "2365"]
[BlackElo "2317"]
[Result "1/2-1/2"]
[Round "03"]
[TimeControl "180+2"]
[Date "2023.04.04"]
[WhiteClock "0:00:06"]
[BlackClock "0:00:45"]

1. e4 e5 2. Nf3 Nf6 3. d4 Nxe4 4. Nxe5 d6 5. Nf3 d5 6. Bd3 Nc6 7. O-O Be7 8. Re1 Bf5 9. Nbd2 Nxd2 10. Qxd2 Bxd3 11. Qxd3 O-O 12. c3 Qd7 13. Bf4 Rae8 14. Qb5 b6 15. Re3 Bd8 16. Rae1 Rxe3 17. Rxe3 f6 18. h3 Rf7 19. Qe2 Re7 20. Ne1 Rxe3 21. Qxe3 Qe7 22. Qd2 Qe4 23. Nd3 a5 24. Bg3 Ne7 25. f3 Qf5 26. Qe2 Kf7 27. b3 Qe6 28. Qd2 Nf5 29. Bf2 g5 30. g4 Ne7 31. Kg2 Ng6 32. Bg3 h6 33. Qc2 Qe3 34. Nf2 Be7 35. Nd1 Qe6 36. Bxc7 Bd6 37. Bxd6 Qxd6 38. Ne3 Nh4+ 39. Kf1 Qg3 40. Qh7+ Kf8 41. Qh8+ Kf7 42. Qh7+ Kf8 43. Qxh6+ Kf7 44. Qh7+ Kf8 45. Qh8+ Kf7 46. Qh7+ Kf8 47. Qh6+ Kf7 48. Qh7+ 1/2-1/2


[Site "https://www.chess.com"]

[Event "Titled Tuesday Blitz April 4 Early 2023"]
[White "Samunenkov, Ihor"]
[Black "Qashashvili, Alexandre"]
[WhiteFideId "14187086"]
[BlackFideId "13600842"]
[WhiteElo "2457"]
[BlackElo "2405"]
[Result "1-0"]
[Round "03"]
[TimeControl "180+2"]
[Date "2023.04.04"]
[WhiteClock "0:00:32"]
[BlackClock "0:00:08"]

1. d4 c6 2. e4 d5 3. e5 Bf5 4. Nf3 e6 5. Be2 h6 6. O-O Nd7 7. a4 c5 8. a5 Ne7 9. a6 bxa6 10. c4 g5 11. dxc5 Nxc5 12. Nd4 Bg6 13. Nc3 Bg7 14. cxd5 Nxd5 15. Bf3 O-O 16. Nxd5 exd5 17. Nc6 Qc7 18. Qxd5 Ne6 19. Rxa6 Rad8 20. Nxd8 Rxd8 21. Rd6 Rb8 22. Rd1 Nf4 23. Bxf4 gxf4 24. Rxg6 Rxb2 25. Rc6 Qb8 26. e6 fxe6 27. Qxe6+ Kh8 28. Rcd6 Rb1 29. h4 Rxd1+ 30. Rxd1 Qf8 31. Be4 h5 32. Qg6 Kg8 33. Rd7 1-0


[Site "https://www.chess.com"]

[Event "Titled Tuesday Blitz April 4 Early 2023"]
[White "Iljin, Timofey"]
[Black "Svane, Rasmus"]
[WhiteFideId "14110180"]
[BlackFideId "4657101"]
[WhiteElo "2382"]
[BlackElo "2597"]
[Result "0-1"]
[Round "03"]
[TimeControl "180+2"]
[Date "2023.04.04"]
[WhiteClock "0:00:02"]
[BlackClock "0:01:21"]

1. e4 c6 2. f4 d5 3. e5 Bf5 4. Nf3 e6 5. g3 c5 6. Bg2 Nc6 7. O-O h5 8. d3 Nh6 9. h3 Be7 10. a4 Rc8 11. Nc3 a6 12. Bd2 Bg6 13. Qe1 Nf5 14. Ne2 c4 15. a5 Bc5+ 16. Kh2 cxd3 17. cxd3 Nh6 18. b4 Be7 19. Ra3 Nf5 20. d4 Qd7 21. Rb3 Rc7 22. Qf2 Nh6 23. Nc1 Be4 24. Ne1 Nf5 25. Bxe4 dxe4 26. Nc2 Ncxd4 27. Nxd4 Nxd4 28. Rb2 O-O 29. Nb3 Nxb3 30. Rxb3 Rc2 31. Rd1 Rd8 32. Rb2 Rxb2 0-1


[Site "https://www.chess.com"]

[Event "Titled Tuesday Blitz April 4 Early 2023"]
[White "Sadykov, Ramil"]
[Black "Xiong, Jeffery"]
[WhiteFideId "24113590"]
[BlackFideId "2047640"]
[WhiteElo "2245"]
[BlackElo "2726"]
[Result "0-1"]
[Round "03"]
[TimeControl "180+2"]
[Date "2023.04.04"]
[WhiteClock "0:00:02"]
[BlackClock "0:01:56"]

1. e4 c5 2. Nf3 e6 3. d4 cxd4 4. Nxd4 Nc6 5. Nc3 a6 6. Be3 Nf6 7. Qf3 Bb4 8. Nxc6 bxc6 9. Bd4 d5 10. exd5 cxd5 11. Bd3 O-O 12. O-O Rb8 13. Rfe1 Re8 14. Rad1 Bd6 15. Bxf6 gxf6 16. Qg4+ Kf8 17. Bxh7 Be5 18. Na4 Ke7 19. b3 Rh8 20. Bd3 Bxh2+ 21. Kf1 Be5 22. g3 Qc7 23. Kg2 Bb7 24. Re2 Rbe8 25. Rde1 Kd8 26. Kg1 d4 27. Be4 f5 28. Qg5+ f6 29. Qd2 fxe4 30. Rxe4 f5 31. Rxd4+ Kc8 0-1


[Site "https://www.chess.com"]

[Event "Titled Tuesday Blitz April 4 Early 2023"]
[White "Martinez Alcantara, Jose Eduardo"]
[Black "Jakubowski, Krzysztof"]
[WhiteFideId "3805662"]
[BlackFideId "1112848"]
[WhiteElo "2711"]
[BlackElo "2359"]
[Result "1-0"]
[Round "03"]
[TimeControl "180+2"]
[Date "2023.04.04"]
[WhiteClock "0:01:57"]
[BlackClock "0:00:49"]

1. e4 c5 2. Nf3 d6 3. c3 Nf6 4. h3 g6 5. Bd3 Bg7 6. Bc2 e5 7. d4 exd4 8. cxd4 cxd4 9. Nxd4 O-O 10. O-O Nc6 11. Nxc6 bxc6 12. Nc3 d5 13. Bg5 h6 14. Be3 Re8 15. Qf3 dxe4 16. Nxe4 Nd5 17. Bc5 Rb8 18. Nd6 Be6 19. Nxe8 Qxe8 20. Rab1 Rxb2 21. Rxb2 Bxb2 22. Rb1 Bg7 23. Bxa7 Kh7 24. Bb3 Qa8 25. Bc5 Qa5 26. Be3 Qa6 27. Rc1 Nc3 28. Bxe6 Ne2+ 29. Kh2 1-0


[Site "https://www.chess.com"]

[Event "Titled Tuesday Blitz April 4 Early 2023"]
[White "Itgelt, Khuyagtsogt"]
[Black "Gholami Orimi, Mahdi"]
[WhiteFideId "4902912"]
[BlackFideId "12558486"]
[WhiteElo "2227"]
[BlackElo "2363"]
[Result "0-1"]
[Round "03"]
[TimeControl "180+2"]
[Date "2023.04.04"]
[WhiteClock "0:00:35"]
[BlackClock "0:01:18"]

1. d4 Nf6 2. c4 e6 3. Nf3 c5 4. d5 exd5 5. cxd5 d6 6. Nc3 g6 7. e4 Bg7 8. Bd3 Bg4 9. h3 Bxf3 10. Qxf3 O-O 11. O-O a6 12. a4 Nbd7 13. Qe2 Re8 14. Kh1 Qc7 15. Bf4 Ne5 16. Bc4 Qb6 17. a5 Qd8 18. Bxe5 Rxe5 19. f4 Re8 20. Rae1 Qxa5 21. e5 Nh5 22. Qf3 Qb4 23. Re4 f5 24. exf6 Rxe4 25. f7+ Kf8 26. Nxe4 Qxc4 27. Nxd6 Qxf1+ 28. Qxf1 Ng3+ 0-1


[Site "https://www.chess.com"]

[Event "Titled Tuesday Blitz April 4 Early 2023"]
[White "Bacrot, Etienne"]
[Black "Guz, Ari"]
[WhiteFideId "605506"]
[BlackFideId "2825759"]
[WhiteElo "2663"]
[BlackElo "2205"]
[Result "1-0"]
[Round "03"]
[TimeControl "180+2"]
[Date "2023.04.04"]
[WhiteClock "0:01:34"]
[BlackClock "0:01:10"]

1. d4 Nf6 2. Nf3 e6 3. c4 d5 4. Nc3 Be7 5. Bf4 O-O 6. e3 a6 7. c5 b6 8. cxb6 cxb6 9. Bd3 a5 10. Ne5 Ba6 11. Nb5 Nfd7 12. Nf3 Nc6 13. a3 Rc8 14. O-O Nf6 15. Rc1 Qd7 16. Qe2 a4 17. h3 Ne4 18. Rc2 f6 19. Rfc1 Na5 20. Rc7 Bxb5 21. Bxb5 Rxc7 22. Rxc7 Qd8 23. Rd7 1-0


[Site "https://www.chess.com"]

[Event "Titled Tuesday Blitz April 4 Early 2023"]
[White "Drygalov, Andrey"]
[Black "Horak, Martin"]
[WhiteFideId "24171735"]
[BlackFideId "367095"]
[WhiteElo "2466"]
[BlackElo "2091"]
[Result "1-0"]
[Round "03"]
[TimeControl "180+2"]
[Date "2023.04.04"]
[WhiteClock "0:00:33"]
[BlackClock "0:00:01"]

1. e4 c5 2. Nf3 Nc6 3. Bb5 d6 4. O-O Bd7 5. Re1 a6 6. Bf1 Bg4 7. h3 Bh5 8. c3 Nf6 9. d4 cxd4 10. cxd4 d5 11. exd5 Nxd5 12. Nc3 e6 13. g4 Bg6 14. Qb3 Be7 15. Nxd5 Qxd5 16. Qxd5 exd5 17. Bg5 f6 18. Be3 Kd7 19. a3 Rhe8 20. Nh4 Bd6 21. Nxg6 hxg6 22. Bd3 g5 23. Kg2 Re7 24. Bf5+ Kc7 25. Bg6 Rd8 26. Rac1 Kb8 27. Bd3 Ka7 28. Be2 Rde8 29. Bf3 Bf4 30. Bxd5 Bxe3 31. fxe3 Rxe3 32. Rxe3 Rxe3 33. Bxc6 bxc6 34. Rxc6 Re2+ 35. Kf3 Rxb2 36. Ke4 Kb7 37. Re6 Rb3 38. Re7+ Kc6 39. Rxg7 Rxh3 40. Rg6 Rxa3 41. Rxf6+ Kd7 42. Rg6 a5 43. Rxg5 Ra1 44. Kd5 a4 45. Rg7+ Ke8 46. Ra7 a3 47. Kd6 a2 48. d5 Rg1 49. Ra8+ Kf7 50. Rxa2 1-0


[Site "https://www.chess.com"]

[Event "Titled Tuesday Blitz April 4 Early 2023"]
[White "Hirneise, Jens"]
[Black "Makarian, Rudik"]
[WhiteFideId "24614734"]
[BlackFideId "44105681"]
[WhiteElo "2345"]
[BlackElo "2430"]
[Result "1-0"]
[Round "03"]
[TimeControl "180+2"]
[Date "2023.04.04"]
[WhiteClock "0:00:13"]
[BlackClock "0:00:03"]

1. d4 Nf6 2. Nf3 c5 3. e3 d5 4. c4 cxd4 5. exd4 g6 6. c5 Bg7 7. Bb5+ Nc6 8. O-O O-O 9. Bxc6 bxc6 10. Ne5 Qc7 11. Nc3 Nd7 12. Nxd7 Bxd7 13. f4 a5 14. Na4 Bf5 15. Re1 Be4 16. Be3 f6 17. Nc3 f5 18. Qd2 a4 19. Nxe4 fxe4 20. Rac1 Qb7 21. Rc2 Rf7 22. Rf1 Raf8 23. h3 e5 24. dxe5 Bxe5 25. g3 Qd7 26. Rf2 Bg7 27. Bd4 Bxd4 28. Qxd4 Qxh3 29. Rg2 Rf5 30. Qe3 Qg4 31. Rcd2 g5 32. Rdf2 h5 33. Qd4 Kh7 34. Qxa4 R8f6 35. Qa7+ Kg6 36. Qa8 Kg7 37. Qb7+ Kh6 38. Qa8 Kg7 39. Qb7+ Rf7 40. Qxc6 e3 41. Re2 d4 42. Qd6 Kh7 43. Qxd4 Re7 44. Rxe3 Rxe3 45. Qxe3 gxf4 46. gxf4 Qxf4 47. Qxf4 Rxf4 48. Rc2 Rf7 49. c6 Rc7 50. b4 Kg6 51. b5 Rxc6 52. bxc6 1-0


[Site "https://www.chess.com"]

[Event "Titled Tuesday Blitz April 4 Early 2023"]
[White "Gil Alba, Hector Luis"]
[Black "Gharibyan, Mamikon"]
[WhiteFideId "3504670"]
[BlackFideId "13308300"]
[WhiteElo "2331"]
[BlackElo "2445"]
[Result "0-1"]
[Round "03"]
[TimeControl "180+2"]
[Date "2023.04.04"]
[WhiteClock "0:00:06"]
[BlackClock "0:00:19"]

1. e4 g6 2. d4 d6 3. Nc3 a6 4. f4 b5 5. Nf3 Bb7 6. Bd3 Nd7 7. e5 e6 8. O-O c5 9. dxc5 Nxc5 10. Be3 Nh6 11. Bxc5 dxc5 12. Be4 Qb6 13. Qe2 c4+ 14. Kh1 Be7 15. Rad1 Nf5 16. Bxb7 Qxb7 17. Ne4 O-O 18. g4 Nh6 19. Rg1 Kg7 20. Rde1 Rad8 21. c3 Rd3 22. Nd4 b4 23. f5 exf5 24. gxf5 Bc5 25. f6+ Kh8 26. e6 Bxd4 27. e7 Re8 28. cxd4 Rxd4 29. Qg2 Ng8 30. Rgf1 h6 31. Rd1 Qxe4 32. Qxe4 Rxe4 33. Rd8 Nxf6 34. Rxe8+ Nxe8 35. Rxf7 Ng7 36. Kg2 c3 37. bxc3 bxc3 38. Rf8+ Kh7 39. Rc8 Rxe7 40. Rxc3 Re2+ 0-1


[Site "https://www.chess.com"]

[Event "Titled Tuesday Blitz April 4 Early 2023"]
[White "Ibadov, Dashgyn"]
[Black "Maksimovic, Bojan"]
[WhiteFideId "24107514"]
[BlackFideId "14408120"]
[WhiteElo "2208"]
[BlackElo "2468"]
[Result "0-1"]
[Round "03"]
[TimeControl "180+2"]
[Date "2023.04.04"]
[WhiteClock "0:01:00"]
[BlackClock "0:00:29"]

1. e4 c5 2. Nf3 Nc6 3. Bb5 e6 4. O-O Nge7 5. d4 cxd4 6. Nxd4 Ng6 7. Be2 Be7 8. c4 O-O 9. Nc3 b6 10. Be3 Nxd4 11. Qxd4 Bb7 12. Rfd1 Bc6 13. Rac1 f5 14. exf5 Nh4 15. fxe6 Nxg2 16. exd7 Bc5 17. Qe5 Nxe3 18. fxe3 Kh8 19. Ne4 Bxe3+ 20. Kh1 Qh4 21. Bd3 Bf4 0-1


[Site "https://www.chess.com"]